 Dungeon Crawl Stone Soup version 0.31-a0-692-gf03d1854d5 (webtiles) character file.

Game seed: 9773167659328353648

118 qw the Shooter (level 5, 0/32 HPs)
             Began as a Gargoyle Hunter on Sept 6, 2023.
             Constricted to death by Ijyb (8 damage)
             ... on level 3 of the Dungeon.
             The game lasted 00:00:51 (1655 turns).

qw the Shooter (Gargoyle Hunter)                    Turns: 1655, Time: 00:00:52

Health: 0/32       AC: 10    Str: 15    XL:     5   Next: 2%
Magic:  5/5        EV:  8    Int:  9    God:
Gold:   84         SH:  0    Dex: 18    Spells: 4/4 levels left

rFire   . . .        Y - +0 shortbow
rCold   . . .        (shield currently unavailable)
rNeg    + . .        k - +0 ring mail
rPois   inf          (no helmet)
rElec   +            (no cloak)
rCorr   .            a - +0 pair of gloves {Dex+3}
SInv    .            (no boots)
Will    .....        (no amulet)
Stlth   +            (no ring)
HPRegen 0.25/turn    (no ring)
MPRegen 0.09/turn

%: no passive effects
@: grasped by roots, constricted
A: sickness immunity, AC +4, negative energy resistance 1, electricity
resistance, torment resistance 1, petrification resistance
a: no special abilities


You were on level 3 of the Dungeon.
You visited 1 branch of the dungeon, and saw 3 of its levels.

You collected 107 gold pieces.
You spent 23 gold pieces at shops.


Innate Abilities, Weirdness & Mutations

You are immune to sickness and miasma.
Your stone body is resilient. (AC +4)
You are immune to poison.
You resist negative energy. (rN+)
You are resistant to electric shocks. (rElec)
You are resistant to unholy torment.
You are immune to petrification.


   Skills:
 - Level 3.0 Fighting
 + Level 5.7 Ranged Weapons
 - Level 1.0 Armour
 - Level 1.5 Dodging
 - Level 1.1 Stealth


You had 4 spell levels left.
You didn't know any spells.
Your spell library was empty.

Inventory:

Hand Weapons
 Y - a +0 shortbow (weapon)
Armour
 a - a +0 pair of gloves of dexterity (worn)
 k - a +0 ring mail (worn)
Jewellery
 m - a ring of fire
Scrolls
 b - a scroll of identify
Potions
 j - a potion of haste {unknown}
 n - a potion of enlightenment {unknown}

Dungeon Overview and Level Annotations

Branches:
Dungeon (3/15)

Altars:

Shops:
D:1 *

Annotations:
D:2 1 runed translucent door, Crazy Yiuf
D:3 Ijyb


Message History

Ijyb is moderately wounded.
Ijyb hits you but does no damage. The grasping roots constrict you.
The grasping roots release their grip on you.
You shoot an arrow. The arrow hits Ijyb.
Ijyb is moderately wounded.
Ijyb hits you but does no damage.
You shoot an arrow. The arrow hits Ijyb.
Ijyb is moderately wounded.
Ijyb hits you but does no damage.
You shoot an arrow. The arrow closely misses Ijyb.
The arrow hits the kobold.
You kill the kobold!
Ijyb zaps a wand.
The roots erupt in riotous growth!
The grasping roots grab you!
Ijyb is unaffected.
The grasping roots constrict you.
You shoot an arrow. The arrow closely misses Ijyb.
The arrow barely misses the frilled lizard.
Ijyb completely misses you. The grasping roots constrict you.
Ijyb hits you but does no damage. The grasping roots constrict you.
You shoot an arrow. The arrow barely misses Ijyb.
The frilled lizard closely misses you.
Ijyb hits you with a +1 dagger of venom.
The grasping roots constrict you.
The grasping roots release their grip on you.
You shoot an arrow. The arrow closely misses Ijyb.
The frilled lizard barely misses you. Ijyb hits you but does no damage.
You shoot an arrow. The arrow hits Ijyb.
Ijyb is heavily wounded.
The frilled lizard barely misses you.
Ijyb hits you with a +1 dagger of venom.
You shoot an arrow. The arrow closely misses Ijyb.
The frilled lizard hisses.
The frilled lizard closely misses you.
Ijyb zaps a wand.
The roots erupt in riotous growth!
The grasping roots grab you!
The frilled lizard is unaffected.
Ijyb is unaffected.
The grasping roots constrict you.
You shoot an arrow. The arrow hits Ijyb.
Ijyb is severely wounded.
Ijyb hits you but does no damage. The grasping roots constrict you!
You die...

#.%.. #....#
##....# .....
..... # #.#.#
#. ##.#.#
####..###.<#.#
.....)g@.....#
....:.l##)####
....... #.#
....... #.#
....... #.#
....... #.#
##.###. ... ..
.. .#. . .


You could see Ijyb and a frilled lizard.

Vanquished Creatures
  6 adders (D:2)
  3 worms (D:2)
  A dart slug (D:2)
  7 ball pythons
  3 bats (D:1)
  3 endoplasms
  A giant cockroach (D:2)
  4 goblins
  6 hobgoblins
  7 kobolds
  4 quokkas
  5 frilled lizards
  2 rats
52 creatures vanquished.

Notes
Turn   | Place    | Note
-------+----------+-------------------------------------------
     0 | D:1      | qw the Gargoyle Hunter began the quest for the Orb.
     0 | D:1      | Reached XP level 1. HP: 12/12 MP: 1/1
     0 | D:1      | 0 ||| qw: Version: 0.3-a-76-g4403597
     0 | D:1      | 0 ||| qw: Game counter: 230
     0 | D:1      | 0 ||| qw: Melee chars always use a shield: true
     0 | D:1      | 0 ||| qw: God list: Okawaru
     0 | D:1      | 0 ||| qw: Allow faded altars: false
     0 | D:1      | 0 ||| qw: Do Orc after clearing Dungeon:15 true
     0 | D:1      | 0 ||| qw: Do second Lair branch before Depths: true
     0 | D:1      | 0 ||| qw: Lair rune preference: random
     0 | D:1      | 0 ||| qw: Goals: Normal
     0 | D:1      | 0 ||| PLANNING D:1-11
   150 | D:1      | Reached XP level 2. HP: 17/17 MP: 2/2
   191 | D:1      | Found Kibiurr's Assorted Antiques.
   199 | D:1      | 199 ||| SHOPLISTING 2 scrolls labelled JIGHAZ SYEDA (52
                  | gold, have 43).
   199 | D:1      | 199 ||| BUYING bubbling black potion (23 gold).
   199 | D:1      | Bought a bubbling black potion for 23 gold pieces
   199 | D:1      | 199 ||| SHOPLISTING dark potion (23 gold, have 20).
   199 | D:1      | 199 ||| SHOPLISTING scroll labelled IFALUD TIGRECY (26
                  | gold, have 20).
   199 | D:1      | 199 ||| SHOPLISTING scroll labelled JIGHAZ SYEDA (26 gold,
                  | have 20).
   516 | D:1      | Reached XP level 3. HP: 21/21 MP: 3/3
   624 | D:1      | Reached skill level 5 in Ranged Weapons
   704 | D:1      | 704 ||| UPGRADING to +0 ring mail.
   714 | D:1      | 714 ||| DROPPING +0 leather armour.
   715 | D:1      | 715 ||| DROPPING amulet of magic regeneration.
   716 | D:1      | 716 ||| READING scroll labelled IFALUD TIGRECY.
   717 | D:1      | 717 ||| READING scroll labelled QOEDEF IH UGG.
   717 | D:1      | Identified a scroll of acquirement
   717 | D:1      | 717 ||| ACQUIRING +0 pair of gloves of dexterity
   717 | D:1      | Acquired a +0 pair of gloves of dexterity
   719 | D:1      | 719 ||| UPGRADING to +0 pair of gloves of dexterity.
   724 | D:1      | 724 ||| READING scroll labelled XIESCH HEJUSM.
   725 | D:1      | 725 ||| READING scroll labelled QYHEJE QONIPS.
   726 | D:1      | 726 ||| DRINKING 2 dark potions.
   727 | D:1      | 727 ||| DROPPING scroll of butterflies.
   761 | D:2      | Reached skill level 1 in Armour
   887 | D:2      | Reached XP level 4. HP: 27/27 MP: 4/4
   889 | D:2      | Reached skill level 3 in Fighting
   998 | D:2      | Found a runed translucent door.
   999 | D:2      | Noticed Crazy Yiuf
  1571 | D:2      | 1571 ||| READING scroll labelled JATSODUCYAMP.
  1572 | D:2      | 1572 ||| READING scroll labelled DOGUEW ASUNWEVELI.
  1590 | D:2      | 1590 ||| READING 2 scrolls of identify.
  1590 | D:2      | 1590 ||| IDENTIFYING lumpy clear potion
  1591 | D:2      | 1591 ||| DROPPING potion of berserk rage.
  1620 | D:3      | Reached XP level 5. HP: 32/32 MP: 5/5
  1626 | D:3      | Noticed Ijyb
  1641 | D:3      | HP: 7/32 [Ijyb/+1 dagger of venom (4)]
  1642 | D:3      | 1642 ||| DRINKING potion of heal wounds.
  1654 | D:3      | HP: 8/32 [constriction (1)]
  1655 | D:3      | Constricted to death by Ijyb

Levels and vault maps discovered:
D:1:      wander_arrival_abandoned_jail, layout_basic, serial_shops, shop,
          minmay_misc_feat_more_columns, minmay_misc_feat_ornament
D:2:      layout_basic, uniq_crazy_yiuf_cottage
D:3:      layout_loops_ring, nicolae_overflow_ecumenical_swirl,
          hangedman_abyss_or_decor_stabs, uniq_ijyb, uniq_robin

Skill      XL: |  1  2  3  4 |
---------------+-------------+-----
Ranged Weapons | 5 |  5.7
Armour         | 1 |  1.0
Fighting       | 3 |  3.0
Dodging        | |  1.5
Stealth        | |  1.1

Action                     |  1- 3 |  4- 6 || total
---------------------------+-------+-------++-------
   Fire: Shortbow          |   142 |    94 ||   236
    Use: Scroll            |     4 |     3 ||     7
         Potion            |     1 |     1 ||     2
 Armour: Leather armour    |    32 |       ||    32
         Ring mail         |    16 |    45 ||    61
  Dodge: Dodged            |    50 |    31 ||    81

Table legend:
 A = Non-vault XP
 B = Vault XP
 C = Vault XP percentage of total XP
 D = Non-vault monster count
 E = Vault monster count
 F = Vault count percentage of total count
                 A         B        C        D         E       F
            +---------+---------+-------+---------+---------+-------
      Total |     169 |       0 |   0.0 |      52 |       0 |   0.0
            +---------+---------+-------+---------+---------+-------
        D:1 |      41 |       0 |   0.0 |      24 |       0 |   0.0
        D:2 |     123 |       0 |   0.0 |      25 |       0 |   0.0
        D:3 |       5 |       0 |   0.0 |       3 |       0 |   0.0
            +---------+---------+-------+---------+---------+-------
